 Dungeon Crawl Stone Soup version 0.23.2 (webtiles) character file.

Game seed: 1510066304399613607

78114 troglodite the Protected (level 15, 0/120 HPs)
             Began as a Demonspawn Berserker on Apr 2, 2019.
             Was a High Priest of Trog.
             Slain by a spectral eight-headed hydra (8 damage)
             ... called from beyond by a ghost crab
             ... on level 1 of the Swamp on Apr 4, 2019.
             The game lasted 01:43:46 (27647 turns).

troglodite the Protected (Demonspawn Berserker)    Turns: 27647, Time: 01:43:48

Health: 0/120      AC: 24    Str: 25    XL:     15   Next: 17%
Magic:  15/15      EV: 15    Int: 17    God:    Trog [*****.]
Gold:   1202       SH:  0    Dex: 16    Spells: 14/14 levels left

rFire    + . .     SeeInvis .   I - +8 falchion (elec)
rCold    . . .     Gourm    .   (no shield)
rNeg     + . .     Faith    .   V - +5 chain mail of Impatience {Str+4}
rPois    +         Spirit   .   (helmet unavailable)
rElec    .         Reflect  .   M - +0 cloak "Utocli Noide" {*Contam Regen+ Int+8 Dex-2}
rCorr    .         Harm     .   C - +2 pair of gloves {Str+3}
MR       +....                  e - +0 pair of boots
Stlth    ..........             a - amulet of the acrobat
HPRegen  0.70/turn              X - ring of poison resistance
MPRegen  0.14/turn              m - ring of positive energy

@: berserk cooldown, very slightly contaminated, slowed, very slow
A: horns 3, fire resistance 1, powered by death 1
a: Berserk, Trog's Hand, Brothers in Arms, Renounce Religion


You were on level 1 of the Swamp.
You worshipped Trog.
Trog was extremely pleased with you.
You were not hungry.

You visited 4 branches of the dungeon, and saw 21 of its levels.
You also visited: Sewer, Gauntlet and Ice Cave.

You collected 1941 gold pieces.
You spent 739 gold pieces at shops.

Inventory:

Hand Weapons
 j - a +3 long sword
 y - a +1 demon trident of freezing
 I - a +8 falchion of electrocution (weapon)
Armour
 e - a +0 pair of boots (worn)
 C - a +2 pair of gloves of strength (worn)
 J - a +0 shield
 M - the +0 cloak "Utocli Noide" (worn) {*Contam Regen+ Int+8 Dex-2}
   (You found it in a Gauntlet)

   It affects your intelligence (+8).
   It affects your dexterity (-2).
   It causes magical contamination when unequipped.
   It increases your rate of regeneration.
 V - the +5 chain mail of Impatience (worn) {Str+4}
   (You found it in a Gauntlet)

   It affects your strength (+4).
Jewellery
 a - an amulet of the acrobat (around neck)
 m - a ring of positive energy (right hand)
 n - a +4 ring of intelligence
 K - an uncursed ring of flight
 X - a ring of poison resistance (left hand)
 Y - a +3 ring of dexterity
Wands
 q - a wand of acid (12)
 w - a wand of digging (3)
Scrolls
 b - 2 scrolls of teleportation
 s - a scroll of blinking
 t - 2 scrolls of fog
 E - 3 scrolls of holy word {unknown}
 P - a scroll of amnesia {unknown}
 R - 5 scrolls of remove curse
 T - 2 scrolls of torment {unknown}
 U - 2 scrolls of vulnerability {unknown}
Potions
 d - 4 potions of agility
 f - 3 potions of lignification
 g - 4 potions of brilliance
 i - 5 potions of haste
 k - 3 potions of cancellation
 u - 9 potions of curing
 v - 2 potions of might
 x - 2 potions of magic
 z - 3 potions of invisibility
 F - a potion of ambrosia
 H - 2 potions of berserk rage
 L - a potion of mutation
 N - a potion of flight
 O - a potion of resistance
 W - 2 potions of heal wounds
Comestibles
 c - 24 rations


   Skills:
 * Level 11.8 Fighting
 + Level 12.0 Long Blades
 * Level 13.3 Armour
 * Level 9.5 Dodging
 + Level 2.0 Stealth
 * Level 11.0 Shields


You had 14 spell levels left.
You didn't know any spells.
Your spell library was empty.

Dungeon Overview and Level Annotations

Branches:
Dungeon (12/15)            Temple (0/1) D:4            Lair (6/6) D:10
  Swamp (1/4) Lair:4        Snake (0/4) Lair:2        Slime (0/5) Lair:5
    Orc (2/2) D:11            Elf (0/3) Orc:2

Altars:
Ashenzari
Fedhas
Gozag
Kikubaaqudgha
Makhleb
Okawaru
Ru
Sif Muna
Trog
Uskayaw
Xom
Yredelemnul
Zin
The Shining One

Shops:
D:8 ?(=(   D:10 :*(   D:12 :   Orc:2 (!![

Annotations:
D:2 1 runed translucent door


Innate Abilities, Weirdness & Mutations

You have a pair of large horns on your head.
Your flesh is heat resistant. (rF+)
You regenerate a little health from kills.


Message History

The spectral eight-headed hydra bites you!
The ghost crab breathes spectral mist at you.
The spectral mist engulfs you but does no damage.
The spectral eight-headed hydra bites you but does no damage. x5
The spectral eight-headed hydra closely misses you.
The spectral eight-headed hydra bites you but does no damage. x2
You are engulfed in spectral mist.
* * * LOW HITPOINT WARNING * * *
The spectral seven-headed hydra fades away!
The ghost crab bites you but does no damage.
The ghost crab claws you!
* * * LOW HITPOINT WARNING * * *
The spectral eight-headed hydra misses you.
The spectral eight-headed hydra bites you.
* * * LOW HITPOINT WARNING * * *
The spectral eight-headed hydra bites you.
* * * LOW HITPOINT WARNING * * *
The spectral eight-headed hydra bites you but does no damage. x2
The spectral eight-headed hydra bites you!
You die...

♣ ♣♣. ♣.≈
♣♣≈≈
♣..Z♣♣♣♣♣♣
≈≈○♣°°○♣
♣○§○°♣
♣@Z○°♣
♣♣t♣♣°♣
♣○≈♣ ≈♣
♣..≈♣ .♣
♣♣...♣.♣
♣...○.♣
.°..♣♣♣
≈♣..♣♣
♣..♣♣


You could see a ghost crab, a spectral eight-headed hydra and a spectral
spriggan druid.

Vanquished Creatures
  A minotaur (Gauntlet)
  An ettin (Orc:2)
  Erolcha (Orc:1)
  7 hydras
  3 catoblepae
  A two-headed ogre (D:10)
  2 orc high priests (Orc:2)
  13 death yaks
  2 orc knights
  3 cyclopes
  An oklob plant (Lair:2)
  3 ugly things
  4 manticores
  3 orc sorcerers
  6 black mambas
  7 elephants
  Maurice (D:9)
  A guardian serpent (Lair:2)
  2 ice statues (IceCv)
  A gargoyle (D:12)
  14 spiny frogs
  5 komodo dragons
  3 rime drakes
  9 ice devils (IceCv)
  4 meliai
  A queen bee (Lair:5)
  2 polar bears
  5 trolls
  2 slime creatures (Gauntlet)
  5 dream sheep (Lair:4)
  5 hippogriffs
  2 bog bodies (Lair:4)
  11 blink frogs
  32 yaks
  2 humans (D:8)
  3 fire bats (Lair:5)
  A basilisk (Lair:5)
  Grum (D:11)
  4 wyverns
  A steam dragon (Lair:5)
  A warg (D:11)
  A hungry ghost (D:8)
  A swamp worm (Gauntlet)
  36 water moccasins
  4 porcupines
  Duvessa (D:4)
  2 ice beasts
  5 black bears
  4 sky beasts
  25 orc warriors
  8 ogres
  9 wolves
  3 phantoms
  19 crocodiles
  8 centaurs
  A big kobold (D:8)
  A wyvern zombie (D:9)
  22 bullfrogs
  Dowan (D:4)
  A wyvern skeleton (D:6)
  31 killer bees
  4 scorpions
  13 wights
  3 howler monkeys
  6 crimson imps
  6 centaur zombies
  3 jellies
  3 hounds
  22 orc priests
  A gnoll shaman (D:6)
  22 orc wizards
  A human skeleton (D:2)
  6 iguanas
  4 worker ants
  A hound zombie (D:8)
  2 worker ant zombies
  Robin (D:2)
  5 gnolls (D:6)
  A howler monkey zombie (D:11)
  2 river rats (D:4)
  34 adders
  20 white imps
  3 ufetubi (IceCv)
  An adder zombie (D:9)
  2 dart slugs (D:1)
  9 leopard geckos
  96 orcs
  A ball python (Sewer)
  18 giant cockroaches
  14 goblins
  10 hobgoblins
  13 jackals
  9 kobolds
  7 quokkas
  6 bats
  7 frilled lizards
  A jackal skeleton (D:4)
  2 jackal zombies
  A leopard gecko skeleton (D:3)
  A quokka zombie (D:9)
  7 rats
  A fungus (Lair:6)
  5 plants
733 creatures vanquished.

Vanquished Creatures (collateral kills)
  A reaper (IceCv)
  A catoblepas (Lair:6)
  3 death yaks
  3 orc high priests (Orc:2)
  2 orc knights
  The ghost of Borgoz the Ducker, a novice KoHu of Ashenzari (D:6)
  2 oklob plants (Lair:5)
  An elephant (Lair:5)
  A spiny frog (Lair:5)
  A rime drake (Lair:5)
  An ice devil (IceCv)
  2 meliai (Gauntlet)
  A tyrant leech (Gauntlet)
  5 yaks
  A swamp worm (Gauntlet)
  A water moccasin (Lair:5)
  9 orc warriors
  A black bear (D:10)
  An ogre (Orc:1)
  A crocodile (D:10)
  4 killer bees (Lair:5)
  6 orc priests (Orc:2)
  A hound (D:9)
  A worker ant zombie (D:6)
  A white imp (IceCv)
  An adder zombie (D:6)
  5 orcs
58 creatures vanquished.

Vanquished Creatures (others)
  2 killer bees (Lair:5)
  4 white imps (IceCv)
  5 ufetubi (IceCv)
  4 demonic plants (Gauntlet)
  33 fungi
  20 plants
68 creatures vanquished.

Grand Total: 859 creatures vanquished

Notes
Turn   | Place    | Note
-------+----------+-------------------------------------------
     0 | D:1      | troglodite the Demonspawn Berserker began the quest for the
                  | Orb.
     0 | D:1      | Reached XP level 1. HP: 18/18 MP: 1/1
    95 | D:1      | Gained mutation: Your flesh is heat resistant. (rF+)
                  | [demonic ancestry]
    95 | D:1      | Reached XP level 2. HP: 12/24 MP: 2/2
   585 | D:1      | Reached skill level 2 in Armour
   717 | D:1      | Reached ** piety under Trog
   717 | D:1      | Gained mutation: You regenerate a little health from kills.
                  | [demonic ancestry]
   717 | D:1      | Reached XP level 3. HP: 30/30 MP: 3/3
  1278 | D:2      | Noticed Robin
  1295 | D:2      | Killed Robin
  1380 | D:2      | Found a runed translucent door.
  1380 | D:2      | Noticed a human
  1397 | D:2      | Reached XP level 4. HP: 25/37 MP: 4/4
  1400 | D:2      | Found a basalt altar of Yredelemnul.
  2217 | D:3      | Noticed a +0 hand axe
  2217 | D:3      | Noticed a +0 dagger
  2223 | D:3      | Found a hide-covered altar of Uskayaw.
  2255 | D:3      | Gained mutation: You have a pair of small horns on your
                  | head. [demonic ancestry]
  2255 | D:3      | Reached XP level 5. HP: 41/42 MP: 5/5
  2257 | D:3      | Reached skill level 3 in Armour
  2283 | D:3      | Reached *** piety under Trog
  2406 | D:3      | Found a deep blue altar of Sif Muna.
  2780 | D:4      | Noticed Duvessa
  2781 | D:4      | Noticed Dowan
  2795 | D:4      | Killed Duvessa
  2795 | D:4      | Reached XP level 6. HP: 49/49 MP: 6/6
  2798 | D:4      | Killed Dowan
  2937 | D:4      | Found a glowing drain.
  2980 | Sewer    | Entered a sewer
  3695 | D:4      | Identified Veawuzuw's Collected Works on Translocation and
                  | Clay
  3822 | D:4      | Found a staircase to the Ecumenical Temple.
  3957 | D:5      | Entered Level 5 of the Dungeon
  3972 | D:5      | Reached XP level 7. HP: 55/55 MP: 7/7
  3982 | D:5      | Reached **** piety under Trog
  3982 | D:5      | Reached skill level 4 in Armour
  4199 | D:5      | Reached skill level 5 in Fighting
  4379 | D:5      | Found a shattered altar of Ashenzari.
  4497 | D:5      | Found a glowing silver altar of Zin.
  4871 | D:5      | Found an opulent altar of Gozag.
  4871 | D:5      | Found a blossoming altar of Fedhas.
  4934 | D:6      | Reached skill level 5 in Long Blades
  4934 | D:6      | Reached skill level 5 in Armour
  4979 | D:6      | Reached XP level 8. HP: 63/63 MP: 8/8
  5442 | D:6      | Found a runed translucent gate.
  5442 | D:6      | Found a runed translucent gate.
  5442 | D:6      | Found a runed translucent gate.
  5442 | D:6      | Noticed Borgoz's ghost (novice KoHu)
  5463 | D:6      | Killed Borgoz's ghost
  5463 | D:6      | Reached skill level 6 in Armour
  6042 | D:7      | Found a bloodstained altar of Trog.
  6331 | D:7      | Found an ancient bone altar of Kikubaaqudgha.
  6335 | D:7      | Found a glowing golden altar of the Shining One.
  6380 | D:7      | Gained mutation: You have a pair of horns on your head.
                  | [demonic ancestry]
  6380 | D:7      | Reached XP level 9. HP: 64/69 MP: 9/9
  6770 | D:7      | Reached skill level 7 in Armour
  6954 | D:8      | Found Sonacrav's Weapon Shoppe.
  7600 | D:8      | Found Ysuver's Weapon Emporium.
  7660 | D:8      | Reached skill level 5 in Dodging
  7793 | D:8      | Reached skill level 8 in Armour
  7976 | D:8      | Found Runlaedd's Jewellery Shop.
  8076 | D:8      | Found Baicey Ikag's Magic Scroll Emporium.
  8118 | D:8      | Reached ***** piety under Trog
  8235 | D:8      | Found an iron altar of Okawaru.
  8731 | D:9      | Gained mutation: You have a pair of large horns on your
                  | head. [demonic ancestry]
  8731 | D:9      | Reached XP level 10. HP: 77/77 MP: 10/10
  9421 | D:9      | Found a shimmering altar of Xom.
  9470 | D:9      | Noticed Maurice
  9484 | D:9      | Killed Maurice
  9499 | D:9      | Noticed a four-headed hydra
  9553 | D:9      | Killed an 11-headed hydra
  9553 | D:9      | Reached skill level 9 in Armour
 10159 | D:10     | Entered Level 10 of the Dungeon
 10167 | D:10     | Found a staircase to the Lair.
 10170 | D:10     | Noticed a green ugly thing
 10319 | D:10     | Reached skill level 1 in Shields
 10345 | D:10     | Killed a green ugly thing
 10422 | D:10     | Noticed a two-headed ogre
 10424 | D:10     | Reached XP level 11. HP: 63/85 MP: 11/11
 10466 | D:10     | Killed a two-headed ogre
 10524 | D:10     | Found Xiseexzo's General Store.
 10547 | D:10     | Bought a scroll of enchant armour for 97 gold pieces
 10547 | D:10     | Bought a scroll of identify for 26 gold pieces
 10596 | D:10     | Found Daikorch's Book Boutique.
 10785 | D:10     | Found Ciudirec's Antique Weapon Boutique.
 10793 | D:10     | Bought a glowing scimitar for 182 gold pieces
 10839 | D:10     | Reached skill level 10 in Armour
 11199 | D:11     | Found a sacrificial altar of Ru.
 11491 | D:11     | Noticed Grum
 11501 | D:11     | Killed Grum
 11798 | D:11     | Found a staircase to the Orcish Mines.
 11837 | D:11     | Noticed a green ugly thing
 11855 | D:11     | Killed a green ugly thing
 12321 | D:12     | Found Emaxkapt's Book Shoppe.
 12456 | D:12     | Received a gift from Trog
 12847 | D:12     | Found a burning altar of Makhleb.
 12866 | D:12     | Noticed a purple ugly thing
 12886 | D:12     | Killed a purple ugly thing
 13078 | D:12     | Reached XP level 12. HP: 90/94 MP: 12/12
 13528 | Orc:1    | Entered Level 1 of the Orcish Mines
 13860 | D:11     | Reached skill level 5 in Shields
 14557 | D:11     | Reached skill level 10 in Long Blades
 14921 | Orc:1    | Reached skill level 11 in Armour
 15017 | Orc:2    | Entered Level 2 of the Orcish Mines
 15017 | Orc:2    | Found a staircase to the Elven Halls.
 15021 | Orc:2    | Found a bloodstained altar of Trog.
 15029 | Orc:2    | Found a gate leading to a gauntlet.
 15059 | Gauntlet | Entered a Gauntlet
 15059 | Gauntlet | Found a transporter.
 15059 | Gauntlet | Found a transporter.
 15060 | Gauntlet | Found a transporter.
 15062 | Gauntlet | Found a transporter.
 15063 | Gauntlet | Found a transporter.
 15063 | Gauntlet | Found a transporter.
 15083 | Gauntlet | Found a transporter.
 15086 | Gauntlet | Found a transporter.
 15099 | Gauntlet | Found a transporter.
 15099 | Gauntlet | Found a transporter.
 15099 | Gauntlet | Noticed a death yak
 15103 | Gauntlet | Noticed a death yak
 15103 | Gauntlet | Noticed a death yak
 15103 | Gauntlet | Noticed a death yak
 15114 | Gauntlet | Found a transporter.
 15115 | Gauntlet | Noticed a ghost crab
 15238 | Gauntlet | Found a transporter.
 15360 | Gauntlet | Got a shimmering sapphire amulet
 15366 | Gauntlet | Identified the amulet "Panyufil" {Harm *Drain Dex+5 Stlth-}
                  | (You found it in a Gauntlet)
 15637 | Gauntlet | Got a warped cloak
 15657 | Gauntlet | Identified the +0 cloak "Utocli Noide" {*Contam Regen+
                  | Int+8 Dex-2} (You found it in a Gauntlet)
 15689 | Gauntlet | Noticed a minotaur
 15700 | Gauntlet | Killed a minotaur
 15802 | Gauntlet | Got an encrusted chain mail
 15805 | Gauntlet | Identified the +5 chain mail of Impatience {Str+4} (You
                  | found it in a Gauntlet)
 15862 | Orc:2    | Noticed an ettin
 15874 | Orc:2    | Killed an ettin
 15998 | Orc:2    | Received a gift from Trog
 16000 | Orc:2    | Noticed an orc high priest
 16020 | Orc:2    | HP: 3/96 [sixfirhy[an orc high priest] (11)]
 16022 | Orc:2    | Killed an orc high priest
 16251 | Orc:2    | Noticed an orc high priest
 16263 | Orc:2    | Killed an orc high priest
 16293 | Orc:2    | HP: 3/96 [orc warrior/+0 hand axe (18)]
 16441 | Orc:2    | Noticed an orc high priest
 16449 | Orc:2    | Killed an orc high priest
 16461 | Orc:2    | Noticed an orc high priest
 16468 | Orc:2    | Killed an orc high priest
 16633 | Orc:2    | Noticed an orc high priest
 16643 | Orc:2    | Killed an orc high priest
 16704 | Orc:2    | Reached skill level 1 in Stealth
 16888 | Orc:2    | Found Ahean's Distillery.
 16888 | Orc:2    | Found Rich's Armour Emporium.
 16889 | Orc:2    | Found Sazxedu's Weapon Emporium.
 16889 | Orc:2    | Found Pumyillo's Distillery.
 16907 | Orc:2    | Bought a potion of curing for 42 gold pieces
 16907 | Orc:2    | Bought 2 potions of curing for 84 gold pieces
 16907 | Orc:2    | Bought a potion of curing for 42 gold pieces
 16907 | Orc:2    | Bought a potion of curing for 42 gold pieces
 16907 | Orc:2    | Bought a potion of heal wounds for 70 gold pieces
 16907 | Orc:2    | Bought a potion of curing for 42 gold pieces
 16911 | Orc:2    | Bought a potion of heal wounds for 70 gold pieces
 16911 | Orc:2    | Bought a potion of curing for 42 gold pieces
 16990 | Orc:2    | Reached XP level 13. HP: 92/102 MP: 13/13
 17381 | Orc:1    | Noticed Erolcha
 17392 | Orc:1    | Killed Erolcha
 17399 | Orc:1    | Received a gift from Trog
 17529 | Orc:1    | You fall through a shaft!
 17640 | Lair:1   | Entered Level 1 of the Lair of Beasts
 18942 | Lair:2   | Found a staircase to the Snake Pit.
 18956 | Lair:2   | Reached skill level 10 in Fighting
 19006 | Lair:2   | Reached skill level 12 in Armour
 19940 | Lair:3   | Found a frozen archway.
 20017 | IceCv    | Entered an ice cave
 20490 | IceCv    | Noticed a reaper
 20503 | IceCv    | Killed a reaper
 21749 | Lair:3   | Received a gift from Trog
 22648 | Lair:4   | Found a staircase to the Swamp.
 23204 | Lair:4   | Reached XP level 14. HP: 99/111 MP: 14/14
 23748 | Lair:5   | Received a gift from Trog
 23961 | Lair:5   | Found a staircase to the Slime Pits.
 24407 | Lair:5   | Reached skill level 10 in Shields
 25220 | Lair:6   | Entered Level 6 of the Lair of Beasts
 25472 | Lair:6   | Reached skill level 13 in Armour
 26411 | Lair:6   | Reached XP level 15. HP: 120/120 MP: 15/15
 27106 | Lair:6   | Got a fine battleaxe
 27113 | Lair:6   | Identified the cursed +1 battleaxe "Covvoiwk" {chop, rElec
                  | rPois Int+4} (You found it on level 6 of the Lair of
                  | Beasts)
 27608 | Swamp:1  | Entered Level 1 of the Swamp
 27647 | Swamp:1  | Slain by a spectral eight-headed hydra

Skill      XL: |  1  2  3  4  5  6  7  8  9 10 11 12 13 14 15 |
---------------+----------------------------------------------+-----
Armour         | 2 3 5 6 8 9 10 11 12 13 | 13.3
Dodging        | 2 3 4 5 6 7 8 9 |  9.5
Long Blades    | 3 4 5 6 7 8 9 10 11 12 | 12.0
Fighting       | 4 5 6 7 8 9 10 11 | 11.8
Shields        | 1 4 7 9 10 11 | 11.0
Stealth        | 1 2 |  2.0

Action                   |  1- 3 |  4- 6 |  7- 9 | 10-12 | 13-15 || total
-------------------------+-------+-------+-------+-------+-------++-------
Melee: Falchion          |   138 |   254 |   421 |   856 |  1326 ||  2995
       Headbutt          |       |    35 |   106 |   274 |   453 ||   868
       Long sword        |       |       |     8 |    89 |       ||    97
Invok: Berserk           |     3 |     1 |    12 |    24 |    25 ||    65
       Brothers in Arms  |       |       |     1 |     9 |    13 ||    23
Evoke: Wand              |       |       |       |       |     6 ||     6
  Use: Scroll            |       |     3 |    10 |     9 |    20 ||    42
       Potion            |       |       |       |     4 |     3 ||     7
 Stab: Distracted        |       |       |       |       |     1 ||     1
  Eat: Chunk             |     5 |     6 |    23 |    47 |    28 ||   109
       Ration            |       |     1 |     2 |     2 |    11 ||    16
Armor: Animal skin       |     5 |       |       |       |       ||     5
       Scale mail        |    46 |       |       |       |       ||    46
       Plate armour      |    53 |   260 |   256 |       |       ||   569
       Chain mail        |       |       |    60 |   554 |   684 ||  1298
Dodge: Dodged            |   103 |   108 |   194 |   379 |   750 ||  1534
Block: Shield            |       |       |       |   437 |   916 ||  1353
       Rpst.: Falchion   |    35 |    24 |    57 |    79 |   168 ||   363
       Long sword        |       |       |     1 |     8 |       ||     9
